 Dungeon Crawl Stone Soup version 0.24.0-123-gd5b16e6ec5 (webtiles) character file.

Game seed: 5491860439453452304, levelgen mode: deterministic

1899 brucemayne the Cleaver (level 9, -1/75 HPs)
             Began as a Hill Orc Monk on Jan 20, 2020.
             Was an Elder of the Shining One.
             Slain by a two-headed ogre
             ... wielding a +0 giant club
              (26 damage)
             ... on level 11 of the Dungeon.
             The game lasted 00:13:05 (2766 turns).

brucemayne the Cleaver (Hill Orc Monk)              Turns: 2766, Time: 00:13:06

Health: -1/75      AC: 13    Str: 20    XL:     9   Next: 15%
Magic:  11/11      EV:  6    Int: 10    God:    the Shining One [****..]
Gold:   266        SH:  0    Dex: 13    Spells: 8/8 levels left

rFire    . . .     SeeInvis .   B - +0 war axe
rCold    . . .     Gourm    .   (no shield)
rNeg     + + .     Faith    .   x - +0 plate armour
rPois    .         Spirit   .   k - +0 helmet
rElec    .         Reflect  .   (no cloak)
rCorr    .         Harm     .   (no gloves)
MR       .....                  p - +1 pair of boots
Stlth    ..........             (no amulet)
HPRegen  0.22/turn              l - +3 ring of strength
MPRegen  0.12/turn              r - ring of wizardry

@: glowing
A: no striking features
a: Divine Shield, Cleansing Flame, Renounce Religion


You were on level 11 of the Dungeon.
You worshipped the Shining One.
The Shining One was greatly pleased with you.
You were not hungry.

You visited 2 branches of the dungeon, and saw 12 of its levels.
You also visited: Ossuary.

You collected 266 gold pieces.

Inventory:

Hand Weapons
 a - a +1 hand axe of chopping
 B - a +0 war axe (weapon)
Missiles
 j - 13 poisoned darts (quivered)
 D - 7 javelins
Armour
 b - a +0 robe
 f - a +0 scale mail
 k - a +0 helmet (worn)
 n - a +0 chain mail
 p - a +1 pair of boots (worn)
 x - a +0 plate armour (worn)
Jewellery
 l - a +3 ring of strength (left hand)
 r - a ring of wizardry (right hand)
 y - a -3 ring of protection
Wands
 d - a wand of random effects (13)
 w - a wand of polymorph (9)
 z - a wand of digging (6)
Scrolls
 g - a scroll of enchant weapon
 h - a scroll of remove curse
 i - 10 scrolls of identify
 m - a scroll of enchant armour
 t - a scroll of amnesia
 v - a scroll of magic mapping
Potions
 e - a potion of agility
 o - a potion of mutation {unknown}
 q - 2 potions of heal wounds
 s - a potion of flight {unknown}
 u - a potion of invisibility {unknown}
 A - a potion of cancellation {unknown}
 C - a potion of curing
Comestibles
 c - 3 rations


   Skills:
 - Level 5.6 Fighting
 + Level 13.7 Axes
 - Level 2.4 Dodging
 - Level 1.5 Stealth
 - Level 3.7 Invocations


You had 8 spell levels left.
You didn't know any spells.
Your spell library was empty.

Dungeon Overview and Level Annotations

Branches:
Dungeon (11/15)            Temple (1/1) D:5             Orc (0/2) D:10
Ossuary (visited)
   Lair: D:8-11

Altars:
Cheibriados
Dithmenos
Kikubaaqudgha
Qazlal
Ru
Vehumet
Xom
The Shining One

Annotations:
D:11 Grum


Message History

The ogre is severely wounded.
You hit the ogre but do no damage.
The ogre is severely wounded.
The ogre hits you with a +0 giant spiked club!
* * * LOW HITPOINT WARNING * * *
You hit the ogre.
You kill the ogre!
You see here a +0 giant spiked club.
You see here 7 javelins.
D - 7 javelins
There is a stone staircase leading down here.
The wolf is too close now for your liking.
Grum growls angrily.
The wolf howls!
Grum growls.
The wolf bites you! The wolf barely misses you.
The wolf bites you but does no damage. The wolf bites you but does no damage.
The two-headed ogre hits you with a +0 giant club!!
You die...

#.# #g# ##.# #..# .
#.## ..# #.# .... ##.#
#...##h.# # #...O@## ##
####...###############.
#......................
#.####..#############..
.. ##.# #.. ##
####.#### ##.
##...#.$.....# ##
.......<...# #
##########.#


You could see a two-headed ogre, Grum and a wolf.

Vanquished Creatures
  An ugly thing (D:11)
  A manticore (D:11)
  A wraith (Ossuary)
  A human (D:9)
  A sky beast (D:10)
  An ogre (D:11)
  A wolf (D:11)
  2 bullfrogs
  A wyvern skeleton (D:11)
  2 killer bees (D:10)
  A gnoll shaman (D:9)
  A jelly (D:11)
  2 orc wizards
  A worker ant (Temple)
  2 hound skeletons (D:7)
  A mummy (Ossuary)
  4 gnolls (D:9)
  4 adders
  A shadow imp (D:9)
  An ooze (D:4)
  2 leopard geckos
  12 orcs
  A ball python (D:2)
  4 bats (D:2)
  2 giant cockroaches
  3 goblins (D:2)
  2 hobgoblins
  5 jackals
  3 kobolds
  A quokka (D:8)
  A frilled lizard (D:3)
  4 gnoll skeletons (Ossuary)
  6 kobold skeletons (Ossuary)
  15 orc skeletons (Ossuary)
  2 quokka skeletons
  2 rats
95 creatures vanquished.

Vanquished Creatures (others)
  A bush (D:8)
  2 fungi (D:8)
  2 plants (D:8)
5 creatures vanquished.

Grand Total: 100 creatures vanquished

Notes
Turn   | Place    | Note
-------+----------+-------------------------------------------
     0 | D:1      | brucemayne the Hill Orc Monk began the quest for the Orb.
     0 | D:1      | Reached XP level 1. HP: 19/19 MP: 1/1
    89 | D:2      | Reached XP level 2. HP: 23/26 MP: 2/2
   204 | D:2      | Found a shimmering altar of Xom.
   214 | D:2      | Reached skill level 5 in Axes
   262 | D:2      | Reached XP level 3. HP: 23/31 MP: 3/3
   399 | D:3      | Found a radiant altar of Vehumet.
   605 | D:3      | Found a stormy altar of Qazlal.
   732 | D:4      | Reached skill level 6 in Axes
   807 | D:4      | Found a sand-covered staircase.
   823 | D:5      | Entered Level 5 of the Dungeon
   828 | D:5      | Reached XP level 4. HP: 33/39 MP: 4/4
   833 | D:5      | Found an ancient bone altar of Kikubaaqudgha.
   865 | D:5      | Found a staircase to the Ecumenical Temple.
   890 | Temple   | Entered the Ecumenical Temple
   897 | Temple   | Became a worshipper of the Shining One
   897 | Temple   | Reached * piety under the Shining One
   897 | Temple   | Reached ** piety under the Shining One
   976 | Ossuary  | Entered an ossuary
   976 | Ossuary  | Noticed a wraith
   976 | Ossuary  | Noticed a wraith
   976 | Ossuary  | Noticed a wraith
  1150 | Ossuary  | Reached skill level 7 in Axes
  1150 | Ossuary  | Reached skill level 1 in Invocations
  1282 | Ossuary  | Reached *** piety under the Shining One
  1325 | Ossuary  | Reached XP level 5. HP: 45/45 MP: 6/6
  1336 | Ossuary  | Noticed a wraith
  1354 | Ossuary  | Killed a wraith
  1354 | Ossuary  | Reached XP level 6. HP: 38/51 MP: 5/8
  1464 | D:7      | Reached skill level 8 in Axes
  1613 | D:8      | Found a shimmering altar of Xom.
  1679 | D:8      | Noticed a porcupine
  1681 | D:8      | Noticed a yak
  1700 | D:9      | Reached **** piety under the Shining One
  1712 | D:9      | Reached XP level 7. HP: 53/60 MP: 6/9
  1794 | D:10     | Entered Level 10 of the Dungeon
  1799 | D:9      | Reached skill level 5 in Fighting
  1805 | D:9      | Reached skill level 9 in Axes
  1948 | D:10     | Noticed a yak
  1948 | D:10     | Noticed a yak
  1948 | D:10     | Noticed a yak
  1999 | D:11     | Noticed a two-headed ogre
  2048 | D:10     | Found a staircase to the Orcish Mines.
  2123 | D:9      | Noticed a human
  2148 | D:9      | Killed a human
  2148 | D:9      | Reached skill level 10 in Axes
  2300 | D:10     | Reached XP level 8. HP: 37/70 MP: 6/10
  2384 | D:11     | Noticed a manticore
  2390 | D:11     | Killed a manticore
  2390 | D:11     | Reached skill level 11 in Axes
  2392 | D:11     | Noticed Grum
  2394 | D:11     | Reached skill level 12 in Axes
  2406 | D:10     | Noticed a two-headed ogre
  2622 | D:11     | Noticed a purple ugly thing
  2654 | D:11     | Killed a purple ugly thing
  2654 | D:11     | Reached skill level 13 in Axes
  2654 | D:11     | Reached XP level 9. HP: 75/75 MP: 11/11
  2766 | D:11     | Slain by a two-headed ogre

Levels and vault maps discovered:
D:1:      ncdulo_wetmaze, layout_loops_ring, serial_park_tiny_1
D:2:      layout_basic, lemuel_doored_altar, xom_teletrap_fun
D:3:      layout_basic, gammafunk_temple_overflow_forgotten, marbit_many_paths,
          vehumet_crystals, cheibrodos_sewer_entry_sluice
D:4:      layout_basic, enter_ossuary_1, first_ration
D:5:      layout_basic, kiku_gazebo_pond_becter, temple_pool_b
D:6:      layout_cave_pods, grunt_tough_drop
D:7:      layout_loops_ring, minmay_chambers_of_fives
D:8:      layout_rooms, nicolae_overflow_crystal_walls, minitemple,
          minmay_lair_entry_grove, uniq_harold
D:9:      layout_loops_ring, serial_glass, glass_columns_c, glass_columns_a,
          glass_columns_b, glass_columns_a, glass_columns_a, glass_columns_a,
          grunt_pizzeria, chequers_guarded_unrand_ignorance
D:10:     layout_stronghold, orc_0_dummy, minmay_microvault
D:11:     layout_rooms, serial_shops, shop, grunt_decor_resistance, uniq_sonja,
          uniq_grum
Temple:   compressed_dpeg_triangle_lava_temple

Skill      XL: |  1  2  3  4  5  6  7  8 |
---------------+-------------------------+-----
Axes           | 5 6 7 8 10 13 | 13.7
Invocations    | 1 3 |  3.7
Fighting       | 4 5 |  5.6
Dodging        | |  2.4
Stealth        | |  1.5

Action                   |  1- 3 |  4- 6 |  7- 9 || total
-------------------------+-------+-------+-------++-------
Melee: Hand axe          |   117 |   127 |    15 ||   259
       War axe           |       |       |    70 ||    70
Throw: Dart              |     4 |     8 |       ||    12
Invok: Divine Shield     |       |     3 |     3 ||     6
Evoke: Wand              |       |       |     3 ||     3
  Use: Scroll            |     2 |     9 |     3 ||    14
       Potion            |       |     4 |     3 ||     7
 Stab: Sleeping          |     3 |       |       ||     3
  Eat: Ration            |       |     1 |     1 ||     2
       Chunk             |       |       |     1 ||     1
Armor: Scale mail        |    39 |       |       ||    39
       Chain mail        |    43 |    29 |       ||    72
       Plate armour      |       |    28 |    62 ||    90
Dodge: Dodged            |    52 |    31 |    37 ||   120
Block: Other             |       |     5 |    21 ||    26
